Map: Blackburn LE

Players

Epic

  • Race: Terran Terran
  • League: Grandmaster

TriGGeR - Winner!

  • Race: Protoss Protoss
  • League: Grandmaster

Event: DreamHack SC2 Masters 2021 Summer

VOD

Have the link to the VOD?

Description

Time

  • Played on: May 27, 2021, 6:22 p.m.
  • Length: 13:38

All games in this series

Show
View Real Time Build Order
Export as new Build Order

Epic Terran 

Build Orders: Reaper Expand 

Get SALT Encoding   

  12  0:00  SCV  
  13  0:13  SCV  
  14  0:17  Supply Depot  
  14  0:25  SCV  
  15  0:38  SCV  
  15  0:40  Barracks  
  16  0:43  Refinery  
  16  0:51  SCV  
  17  1:03  SCV  
  18  1:15  SCV  
  19  1:28  Orbital Command, Reaper  
  20  1:45  Command Center  
  20  1:53  SCV  
  21  1:57  Supply Depot  
  21  2:00  Marine  
  22  2:05  SCV  
  23  2:13  Factory  
  23  2:18  SCV  
  23  2:21  Barracks Reactor  
  24  2:25  Bunker  
  24  2:30  SCV  
  25  2:38  Refinery  
  25  2:42  SCV  
  26  2:54  SCV  
  26  2:57  Marine x2  
  29  2:59  Starport, Hellion  
  29  3:05  Orbital Command  
  31  3:07  SCV  
  32  3:15  Marine x2  
  32  3:19  SCV  
  35  3:20  Factory Tech Lab  
  35  3:31  SCV  
  35  3:32  SCV  
  35  3:33  Marine x2  
  38  3:35  Barracks  
  38  3:44  SCV x2, Raven  
  42  3:49  Supply Depot  
  42  3:52  Marine  
  42  3:53  Engineering Bay  
  42  3:54  Marine  
  44  3:55  Factory Tech Lab  
  44  3:58  SCV  
  44  4:00  SCV  
  46  4:11  SCV  
  46  4:12  SCV  
  46  4:14  Marine x2, Siege Tank  
  46  4:17  Refinery  
  53  4:21  Supply Depot  
  51  4:24  SCV x2  
  51  4:30  Barracks  
  51  4:31  Terran Infantry Weapons Level 1  
  53  4:33  Marine  
  54  4:42  SCV x2, Marine  
  54  4:43  Marauder  
  54  4:44  Starport Reactor  
  59  4:48  Supply Depot  
  59  4:54  SCV x2  
  59  4:57  Stimpack  
  61  5:00  Refinery  
  61  5:01  Marine  
  62  5:07  Supply Depot  
  62  5:09  SCV x2, Marine  
  62  5:11  Siege Tank  
  62  5:12  Marauder  
  70  5:18  Barracks Tech Lab, Supply Depot  
  70  5:23  SCV  
  70  5:28  Marine x2, Medivac  
  70  5:29  SCV, Supply Depot  
  75  5:36  Medivac  
  75  5:40  Supply Depot  
  75  5:41  Marauder  
  75  5:42  Marauder  
  81  5:51  Factory Reactor  
  81  5:55  Command Center  
  81  5:57  SCV x2  
  81  5:58  Combat Shield  
  81  6:00  Marine  
  81  6:01  Marine  
  85  6:06  Marauder  
  85  6:07  Marauder  
  85  6:10  Medivac  
  91  6:14  SCV x2  
  93  6:19  Medivac, Supply Depot  
  93  6:25  Marine x2  
  94  6:28  Widow Mine, Marauder  
  94  6:29  Widow Mine  
  102  6:36  Supply Depot x2  
  99  6:42  Marauder  
  98  6:48  Terran Infantry Armor Level 1  
  98  6:50  Marine  
  98  6:53  Barracks  
  100  6:54  Marauder  
  100  6:55  Barracks  
  100  6:58  Medivac  
  100  7:00  Medivac  
  104  7:04  SCV x2  
  104  7:05  Widow Mine  
  108  7:10  Widow Mine  
  110  7:16  SCV x2  
  110  7:19  Marauder x2, Concussive Shells  
  116  7:26  Marine x2  
  116  7:28  Widow Mine  
  120  7:31  Widow Mine, SCV x2  
  120  7:36  Orbital Command  
  124  7:40  Missile Turret  
  124  7:43  Barracks Reactor  
  123  7:46  SCV, Armory  
  123  7:47  SCV  
  125  7:53  Marauder  
  125  7:54  Marauder  
  125  7:55  Marauder  
  125  7:58  Viking  
  133  8:02  Viking  
  132  8:05  Marine  
  132  8:06  Marine  
  123  8:14  Widow Mine x2  
  123  8:16  SCV  
  123  8:17  SCV x2  
  130  8:20  Marine x2  
  130  8:21  Supply Depot x2  
  132  8:31  Supply Depot  
  132  8:33  Supply Depot  
  132  8:37  Viking  
  132  8:42  Viking  
  132  8:43  Marauder x3, Marine x4  
  132  8:45  Terran Infantry Weapons Level 2  
  144  8:49  Engineering Bay  
  131  9:01  Marine x3  
  126  9:04  Marauder x3, Marine  
  126  9:05  Widow Mine x2  
  125  9:14  SCV x3  
  113  9:19  Marine  
  113  9:23  Marine x3  
  111  9:25  Marauder, Marine  
  111  9:26  SCV x3  
  111  9:28  Widow Mine  
  111  9:30  Widow Mine  
  121  9:34  Medivac  
  121  9:37  Medivac  
  125  9:43  SCV x2  
  127  9:49  SCV  
  127  9:50  Marine x4  
  127  9:51  Marauder  
  130  9:55  Terran Infantry Armor Level 2, SCV x2  
  130  10:01  SCV  
  130  10:06  Viking  
  131  10:07  SCV, Viking  
  131  10:10  SCV  
  131  10:13  SCV  
  136  10:17  Marauder x3  
  136  10:18  Marine x3  
  136  10:19  SCV, Marine  
  147  10:24  Ghost Academy  
  146  10:29  Starport  
  136  10:39  Marauder x3, Marine x3  
  136  10:42  Viking x2  
  131  10:44  SCV x2  
  131  10:45  SCV  
  131  10:49  Widow Mine  
  136  10:53  Missile Turret  
  136  10:55  Enhanced Shockwaves  
  136  10:59  Ghost  
  136  11:02  Marine x3  
  136  11:03  Marine x2  
  142  11:14  Marauder  
  142  11:15  Supply Depot  
  142  11:16  Supply Depot  
  140  11:21  Marauder  
  138  11:27  Viking x3  
  138  11:29  Marauder  
  138  11:31  SCV x3  
  141  11:38  Ghost  
  141  11:39  Marine x3  
  140  11:45  Marine  
  143  11:50  Marauder x2  
  145  12:05  Marine  
  145  12:06  Marine x3  
  145  12:08  Marauder  
  146  12:10  Viking x3  
  146  12:11  Marine  
  146  12:14  Viking  
  154  12:28  Command Center  
  147  12:44  Marauder x2, Marine  
  110  12:45  Marauder  
  103  12:55  Marine x3  
  100  13:02  Marine  
  100  13:05  Marauder  
  103  13:11  Marauder  
  108  13:14  Marauder  
  108  13:15  Marine x2  
  108  13:17  Marine  
Show
View Real Time Build Order
Export as new Build Order

TriGGeR Protoss - Winner!

Build Orders: 1 Gate Expand, Blink Stalkers 

Get SALT Encoding   

  12  0:00  Probe  
  13  0:12  Probe  
  14  0:16  Pylon  
  14  0:24  Probe (Chrono Boost)  
  16  0:35  Gateway  
  16  0:36  Probe (Chrono Boost)  
  16  0:42  Probe (Chrono Boost)  
  17  0:46  Assimilator  
  17  0:50  Probe  
  18  1:03  Probe  
  19  1:15  Probe  
  20  1:22  Nexus  
  20  1:27  Probe  
  21  1:34  Cybernetics Core  
  21  1:41  Assimilator  
  21  1:44  Probe  
  22  1:51  Pylon  
  22  1:56  Probe  
  23  2:07  Adept (Chrono Boost)  
  23  2:09  Probe  
  23  2:12  Warp Gate (Chrono Boost)  
  26  2:21  Probe  
  27  2:30  Stalker  
  30  2:37  Probe x2 (Chrono Boost)  
  31  2:47  Probe (Chrono Boost)  
  31  2:48  Probe (Chrono Boost), Twilight Council  
  33  2:52  Probe (Chrono Boost)  
  33  2:55  Gateway  
  34  2:59  Probe  
  34  3:03  Stalker  
  37  3:05  Probe (Chrono Boost)  
  39  3:17  Probe (Chrono Boost)  
  39  3:18  Probe (Chrono Boost)  
  40  3:21  Blink (Chrono Boost)  
  40  3:23  Probe (Chrono Boost)  
  40  3:25  Probe (Chrono Boost)  
  42  3:32  Probe  
  42  3:33  Pylon  
  43  3:35  Probe, Robotics Facility  
  44  3:44  Probe  
  45  3:51  Pylon, Assimilator  
  45  3:54  Probe  
  46  3:56  Stalker x2  
  46  3:57  Probe  
  51  4:06  Probe  
  52  4:13  Probe  
  52  4:20  Probe  
  53  4:25  Probe, Nexus  
  53  4:26  Pylon  
  53  4:27  Observer (Chrono Boost)  
  53  4:30  Stalker  
  53  4:31  Stalker  
  57  4:34  Probe  
  57  4:38  Assimilator  
  58  4:40  Observer (Chrono Boost)  
  58  4:41  Probe  
  60  4:45  Pylon  
  60  4:46  Shield Battery  
  60  4:49  Probe  
  61  4:54  Stalker  
  61  4:55  Stalker  
  61  4:57  Probe  
  66  5:00  Observer  
  66  5:01  Probe  
  66  5:06  Observer  
  68  5:09  Probe  
  68  5:10  Robotics Bay  
  69  5:16  Pylon  
  69  5:17  Probe  
  70  5:21  Probe  
  70  5:24  Immortal (Chrono Boost)  
  75  5:32  Probe (Chrono Boost)  
  75  5:33  Probe (Chrono Boost)  
  75  5:34  Forge  
  77  5:36  Probe (Chrono Boost)  
  79  5:43  Gateway  
  79  5:45  Probe (Chrono Boost)  
  79  5:46  Probe (Chrono Boost), Gateway  
  79  5:47  Probe (Chrono Boost)  
  79  5:49  Probe (Chrono Boost), Sentry x2  
  85  5:56  Probe  
  87  5:57  Probe  
  87  6:01  Extended Thermal Lance  
  87  6:04  Observer, Gateway, Colossus (Chrono Boost)  
  94  6:15  Gateway  
  94  6:16  Gateway  
  94  6:17  Charge (Chrono Boost)  
  92  6:28  Zealot, Stalker  
  95  6:33  Gateway, Protoss Ground Weapons Level 1 (Chrono Boost)  
  95  6:39  Gateway  
  95  6:40  Zealot x2  
  95  6:43  Observer  
  97  6:49  Zealot  
  97  6:50  Observer  
  97  6:53  Shield Battery  
  99  6:55  Stalker  
  99  6:58  Pylon  
  99  7:00  Pylon  
  101  7:03  Pylon  
  101  7:04  Pylon  
  101  7:11  Pylon  
  101  7:13  Colossus (Chrono Boost)  
  101  7:18  Zealot x5  
  117  7:23  Zealot x2  
  117  7:28  Zealot  
  117  7:29  Pylon  
  123  7:35  Zealot  
  125  7:39  Templar Archives, Assimilator  
  125  7:40  Probe x2  
  125  7:44  Assimilator  
  127  7:47  Zealot x5  
  137  7:56  Warp Prism (Chrono Boost)  
  115  8:13  Zealot x7  
  115  8:16  High Templar x2  
  131  8:23  Archon  
  137  8:30  Nexus  
  137  8:31  Pylon  
  131  8:39  High Templar x3  
  131  8:40  High Templar x2, Zealot x2  
  145  8:43  Archon x2  
  145  8:47  Robotics Facility  
  145  8:53  Observer  
  145  8:54  Zealot x2  
  113  9:06  Colossus (Chrono Boost)  
  113  9:08  Zealot x2  
  109  9:15  Zealot x7  
  95  9:30  High Templar x2  
  99  9:35  Archon  
  99  9:40  Stalker x6  
  99  9:44  Disruptor  
  114  9:51  Zealot  
  116  9:54  Probe  
  116  9:55  Probe x3, Observer  
  120  10:05  Disruptor  
  119  10:07  Stalker x4  
  119  10:11  Observer  
  127  10:17  Zealot x2  
  127  10:18  Zealot x3  
  127  10:19  Protoss Ground Weapons Level 2 (Chrono Boost)  
  127  10:20  Observer, Probe  
  139  10:32  Probe  
  118  10:43  Disruptor x2 (Chrono Boost)  
  118  10:45  Zealot x6  
  118  10:46  Zealot x2  
  140  10:51  Probe  
  141  11:00  Pylon  
  141  11:02  Forge  
  141  11:11  Disruptor (Chrono Boost)  
  141  11:12  Disruptor (Chrono Boost)  
  147  11:22  Zealot x5  
  147  11:23  Stalker x4  
  163  11:28  Protoss Ground Armor Level 1 (Chrono Boost)  
  155  11:39  Gateway  
  150  11:42  Nexus  
  150  11:44  Disruptor  
  150  11:45  Zealot x5  
  161  11:49  Stalker  
  155  12:09  Disruptor  
  155  12:10  Stalker x4  
  155  12:11  Stalker x4  
  174  12:16  Stalker  
  176  12:23  Disruptor  
  169  12:31  Probe x2  
  169  12:32  Probe  
  143  12:48  Zealot x8  
  138  13:04  Zealot x2  
  140  13:10  Probe  
  147  13:15  Zealot x8  
  163  13:22  Dark Shrine  
Tags
 
Add a new tag
Caveats
  • Supply blocks, unpowered buildings, or Contaminate may cause inaccurate times.
  • Supply counts are checked every 10 seconds.